 Dungeon Crawl Stone Soup version 0.28-a0-1520-gc3277d3759 (webtiles) character file.

Game seed: 4516061694301296512

450 Gwenloh the Conjurer (level 6, -1/32 HPs)
             Began as a Deep Elf Conjurer on Jan 17, 2022.
             Shot with an arrow by a centaur (7 damage)
             ... on level 4 of the Dungeon.
             The game lasted 00:14:12 (5217 turns).

Gwenloh the Conjurer (Deep Elf Conjurer)            Turns: 5217, Time: 00:14:13

Health: -1/32      AC:  3    Str:  4    XL:     6   Next: 74%
Magic:  10/17      EV: 13    Int: 28    God:
Gold:   130        SH:  0    Dex: 13    Spells: 3/17 levels left

rFire   + + .      SeeInvis .   c - +0 rapier
rCold   x . .      Faith    .   (no shield)
rNeg    + . .      Spirit   .   a - +0 robe
rPois   .          Reflect  .   t - +0 hat
rElec   .          Harm     .   (no cloak)
rCorr   .          Rampage  .   o - +0 pair of gloves
Will    .....                   (no boots)
Stlth   +++.......              (no amulet)
HPRegen 0.10/turn               n - ring of protection from fire
MPRegen 0.15/turn               s - ring of the Catamount {Fire rN+ Int+3}

@: no status effects
A: no striking features
a: no special abilities


You were on level 4 of the Dungeon.
You visited 1 branch of the dungeon, and saw 4 of its levels.

You collected 130 gold pieces.

Inventory:

Hand Weapons
 c - a +0 rapier (weapon)
Armour
 a - a +0 robe (worn)
 o - a +0 pair of gloves (worn)
 t - a +0 hat (worn)
Jewellery
 n - a ring of protection from fire (left hand)
 s - the ring of the Catamount (right hand) {Fire rN+ Int+3}
   (You found it on level 4 of the Dungeon)

   [ring of fire]

   It enhances your fire magic.
   Int:       It affects your intelligence (+3).
   rF:        It protects you from fire.
   rC:        It makes you vulnerable to cold.
   rN:        It protects you from negative energy.
Wands
 p - a wand of polymorph (4)
Scrolls
 b - a scroll of immolation
 f - a scroll of torment {unknown}
 h - a scroll of teleportation
 k - 2 scrolls of enchant weapon {unknown}
 l - a scroll of fog {unknown}
 r - a scroll of enchant armour {unknown}
 u - a scroll of magic mapping {unknown}
Potions
 d - a potion of berserk rage {unknown}
 e - 2 potions of attraction {unknown}
 g - a potion of heal wounds {unknown}
 i - a potion of degeneration {unknown}
 j - a potion of curing {unknown}
 m - 2 potions of might {unknown}
 q - a potion of ambrosia {unknown}


   Skills:
 + Level 4.1 Dodging
 + Level 4.4 Stealth
 * Level 6.1 Spellcasting
 * Level 6.3 Conjurations


You had 3 spell levels left.
You knew the following spells:

 Your Spells              Type           Power      Damage    Failure   Level
a - Magic Dart            Conj           100%       1d8       1%          1
b - Searing Ray           Conj           86%        2d7       1%          2
c - Dazzling Flash        Conj/Hex       52%        N/A       4%          3
d - Fulminant Prism       Conj/Hex       13%        3d9       16%         4
e - Iskenderun's Mystic   Conj/Tloc      26%        2d7       16%         4

Your spell library contained the following spells:

 Spells                   Type           Power      Damage    Failure   Level


Dungeon Overview and Level Annotations

Branches:
Dungeon (4/15)
 Temple: D:4-7

Altars:
Ashenzari
Elyvilon
Okawaru

Annotations:
D:3 3 runed translucent doors, sastreii's ghost, weakling GnAE


Message History

Your Spellcasting skill increases to level 6!
You start resting.
Your magical contamination has completely faded away.
You start resting.
Magic restored.
You start resting.
HP restored.
There is a stone staircase leading down here.
You climb downwards.
There is a stone staircase leading up here.
You open the door.
A centaur comes into view.
The centaur shouts!
The centaur wields a +0 shortbow.
The centaur shoots an arrow.
The arrow misses you.
Found a book of Misfortune and a pair of gloves.
The centaur shoots an arrow.
The arrow barely misses you.
Casting: Searing Ray (safe; 1% risk of failure)
Confirm with . or Enter, or press ? or * to list all spells.
The spell is extremely dangerous to miscast (16% risk of failure)!
Continue anyway?
Aiming: Fulminant Prism (extremely dangerous; 16% risk of failure)
Press: ? - help, Dir - move target You conjure a prism of explosive energy!
A fulminant prism comes into view.
Casting: Fulminant Prism (extremely dangerous; 16% risk of failure)
Confirm with . or Enter, or press ? or * to list all spells.
Aiming: Searing Ray (safe; 1% risk of failure)
Press: ? - help, Shift-Dir - straight line, f - centaur
Aim: a centaur, wielding a +0 shortbow and quivering arrows (ally target, 89% to hit)
The searing ray hits the centaur.
The centaur is lightly wounded. (Press . to maintain the ray.)
The centaur shoots an arrow.
The arrow hits you!
Your fulminant prism crackles loudly.
The searing ray hits the centaur!
The centaur is heavily wounded.
The centaur shoots an arrow.
The arrow hits you!
* * * LOW HITPOINT WARNING * * *
The centaur shoots an arrow.
The arrow hits you!
You die...

####### #......
#######.#####
#...........#
#.#####.###.#
#.#####...... ##
#.#......##.# #..
######.##.##.....# #...
#@.....##.##..####
#....##.#######.##......
+..c.'c.>..# #....#####
#...[##*.#.######### ###
########..#.....# #..
..........#####.#
#.##############.......#
#.#... ...#.#######
##.#.##########.#.#######


You could see a centaur (ally target) and a friendly fulminant prism.

Vanquished Creatures
  An orc warrior (D:3)
  A howler monkey (D:4)
  2 hounds
  A centaur skeleton (D:4)
  2 iguanas (D:4)
  An orc wizard (D:3)
  A hound skeleton (D:4)
  3 gnolls (D:4)
  4 adders
  An adder skeleton (D:4)
  3 dart slugs
  3 orcs
  8 endoplasms
  2 giant cockroaches
  4 goblins
  3 hobgoblins
  5 jackals
  5 kobolds
  3 quokkas
  8 ball pythons
  7 bats
  5 frilled lizards
  5 rats
78 creatures vanquished.

Vanquished Creatures (others)
  2 fulminant prisms
  13 plants (D:3)
15 creatures vanquished.

Grand Total: 93 creatures vanquished

Notes
Turn   | Place    | Note
-------+----------+-------------------------------------------
     0 | D:1      | Gwenloh the Deep Elf Conjurer began the quest for the Orb.
     0 | D:1      | Reached XP level 1. HP: 10/10 MP: 6/6
   236 | D:1      | Reached XP level 2. HP: 15/15 MP: 5/8
   241 | D:1      | Learned a level 2 spell: Searing Ray
  1515 | D:2      | Reached XP level 3. HP: 19/19 MP: 8/10
  1952 | D:2      | Reached skill level 5 in Conjurations
  2001 | D:2      | Found a faded altar of an unknown god.
  2191 | D:3      | Reached XP level 4. HP: 24/24 MP: 7/12
  2195 | D:3      | Learned a level 3 spell: Dazzling Flash
  2391 | D:3      | Found a broken altar of Ashenzari.
  2391 | D:3      | Noticed an orc warrior
  2394 | D:3      | Found a runed translucent gate.
  2394 | D:3      | Found a runed translucent gate.
  2394 | D:3      | Found a runed translucent gate.
  2395 | D:3      | Noticed sastreii's ghost (weakling GnAE)
  3148 | D:3      | Reached XP level 5. HP: 28/28 MP: 7/14
  3315 | D:3      | HP: 1/28 [orc warrior (9)]
  4060 | D:4      | Reached skill level 5 in Spellcasting
  4320 | D:4      | Learned a level 4 spell: Fulminant Prism
  4325 | D:4      | Learned a level 4 spell: Iskenderun's Mystic Blast
  4524 | D:4      | Reached XP level 6. HP: 32/32 MP: 10/16
  4564 | D:4      | Identified the ring of the Catamount {Fire rN+ Int+3}
  4777 | D:4      | Found an iron altar of Okawaru.
  4945 | D:3      | Found a white marble altar of Elyvilon.
  5008 | D:3      | Killed an orc warrior
  5217 | D:4      | Shot with an arrow by a centaur

Illustrated notes

Levels and vault maps discovered:
D:1:      wheals_arrival_linesprint, layout_basic, minmay_liquid_box
D:2:      layout_rooms, nicolae_ecumenical_snake_handling
D:3:      layout_rooms, mainiacjoe_overflow_alcove_4,
          nicolae_ashenzari_panopticon, serial_forest,
          infiniplex_forest_lined_3_way, infiniplex_forest_clump_double,
          infiniplex_forest_split, infiniplex_forest_clump_double,
          infiniplex_forest_lined_ring, ebering_ghost_rock_garden
D:4:      layout_basic, mainiacjoe_overflow_six_doors_small

Skill      XL: |  1  2  3  4  5  6 |
---------------+-------------------+-----
Stealth        | 3 4 |  4.4
Spellcasting   | 4 5 6 |  6.1
Conjurations   | 5 6 |  6.3
Dodging        | 3 4 |  4.1

Action                   |  1- 3 |  4- 6 || total
-------------------------+-------+-------++-------
Melee: Unarmed           |     1 |       ||     1
       Rapier            |     1 |     1 ||     2
 Cast: Magic Dart        |    73 |    63 ||   136
       Searing Ray       |     4 |    14 ||    18
       Dazzling Flash    |       |     2 ||     2
       Fulminant Prism   |       |     3 ||     3
  Use: Scroll            |       |     3 ||     3
Armor: Robe              |     1 |       ||     1
Dodge: Dodged            |     2 |    16 ||    18

Table legend: (Time is in decaauts)
 A = Elapsed time spent in this place.
 B = Non-inter-level travel time spent in this place.
 C = Inter-level travel time spent in this place.
 D = Time resting spent in this place.
 E = Time spent auto-exploring this place.
 F = Levels seen in this place.
 G = Mean time per level.
                   A        B        C        D        E       F      G
               +--------+--------+--------+--------+--------+-----+--------+
         Total |   5227 |   4992 |    235 |   1096 |   3051 |   4 | 1306.8 |
       Dungeon |   5227 |   4992 |    235 |   1096 |   3051 |   4 | 1306.8 |
               +--------+--------+--------+--------+--------+-----+--------+

Top non-repeatable levels by time:
     D:2: 1676 daAuts
     D:1: 1455 daAuts
     D:3: 1306 daAuts
     D:4: 789 daAuts
